 Dungeon Crawl Stone Soup version 0.27-a0-1278-g6cbc8dfb29 (webtiles) character file.

Game seed: 5172271557718528141

5091 Zonian the Conjurer (level 10, -1/74 HPs)
             Began as a Human Conjurer on June 12, 2021.
             Was a Believer of Uskayaw.
             Slain by an orc warrior (12 damage)
             ... on level 8 of the Dungeon.
             The game lasted 00:25:57 (19483 turns).

Zonian the Conjurer (Human Conjurer)               Turns: 19483, Time: 00:25:58

Health: -1/74      AC:  7    Str:  8    XL:     10   Next: 87%
Magic:  15/19      EV: 14    Int: 21    God:    Uskayaw [**....]
Gold:   247        SH:  0    Dex: 14    Spells: 14/21 levels left

rFire    + . .     SeeInvis +   o - +5 quick blade of Ohympez {drain, rF+ rN+ Dex+2 SInv}
rCold    . . .     Faith    .   (no shield)
rNeg     + + .     Spirit   .   u - +0 leather armour "Ychel" {Regen+ rCorr SInv}
rPois    .         Reflect  .   n - +0 hat
rElec    .         Harm     .   l - +1 cloak
rCorr    +         Rampage  .   (no gloves)
Will     .....     Rnd*Rage +   (no boots)
Stlth    +++.......             (no amulet)
HPRegen  1.22/turn              i - ring of positive energy
MPRegen  0.16/turn              (no ring)

@: no status effects
A: antennae 1, iridescent scales 1, berserk 1
a: Renounce Religion, Stomp, Line Pass


You were on level 8 of the Dungeon.
You worshipped Uskayaw.
Uskayaw was noncommittal.
You visited 1 branch of the dungeon, and saw 8 of its levels.

You collected 594 gold pieces.
You spent 347 gold pieces at shops.

Inventory:

Hand Weapons
 e - a +0 vorpal dagger
 f - a +1 hand axe of freezing
 h - a +0 falchion
 o - the +5 quick blade of Ohympez (weapon) {drain, rF+ rN+ Dex+2 SInv}
   (You acquired it on level 5 of the Dungeon)

   A truly terrible weapon, it drains the life of those it strikes.
   It affects your dexterity (+2).
   It protects you from fire.
   It protects you from negative energy.
   It lets you see invisible.
 p - a +3 dagger of speed
 r - a +0 demon blade of venom
 x - a +4 flail
Missiles
 k - 3 boomerangs
 m - 2 atropa-tipped darts
 A - 25 poisoned darts
Armour
 a - a +0 robe
 l - a +1 cloak (worn)
 n - a +0 hat (worn)
 u - the +0 leather armour "Ychel" (worn) {Regen+ rCorr SInv}
   (You bought it in a shop on level 2 of the Dungeon)

   It lets you see invisible.
   It increases your rate of health regeneration.
   It protects you from acid and corrosion.
 C - +0 steam dragon scales
Jewellery
 i - a ring of positive energy (left hand)
 t - a ring of ice
Wands
 s - a wand of flame (16)
 B - a wand of acid (12)
 E - a wand of polymorph (14)
 F - a wand of charming (11)
Scrolls
 q - 4 scrolls of identify
 w - 4 scrolls of teleportation
 y - a scroll of brand weapon
 D - a scroll of amnesia
Potions
 b - a potion of brilliance
 c - a potion of mutation
 d - a potion of degeneration
 g - a potion of ambrosia
 j - a potion of cancellation
 v - a potion of curing
 z - a potion of might {unknown}
 G - a potion of heal wounds


   Skills:
 + Level 5.5 Fighting
 + Level 4.4(4.8) Short Blades
 - Level 2.4(3.8) Long Blades
 - Level 2.1 Axes
 + Level 6.3 Dodging
 + Level 6.6 Stealth
 + Level 6.0 Spellcasting
 + Level 7.7 Conjurations
 + Level 1.2 Translocations
 + Level 2.7 Invocations
 + Level 1.2 Evocations


You had 14 spell levels left.
You knew the following spells:

 Your Spells              Type           Power      Damage    Failure   Level
a - Magic Dart            Conj           100%       1d8       1%          1
b - Searing Ray           Conj           76%        3d6       1%          2
c - Iskenderun's Mystic   Conj/Tloc      25%        2d7       22%         4

Your spell library contained the following spells:

 Spells                   Type           Power      Damage    Failure   Level
 Dazzling Flash           Conj/Hex       44%        N/A       9%          3
 Fulminant Prism          Conj/Hex       11%        3d9       28%         4


Dungeon Overview and Level Annotations

Branches:
Dungeon (8/15)             Temple (0/1) D:6
   Lair: D:8-11

Altars:
Cheibriados
Dithmenos
Hepliaklqana
Makhleb
Uskayaw
Vehumet
Wu Jian

Shops:
D:2 *   D:4 (


Innate Abilities, Weirdness & Mutations

You have a pair of small antennae on your head.
You are partially covered in iridescent scales. (AC +2)
You tend to lose your temper in combat.


Message History

The orc warrior is lightly wounded.
You completely miss the orc warrior.
The orc warrior is lightly wounded.
The orc hits you from afar with a +0 trident.
The orc warrior hits you with a +0 halberd!
The orc completely misses you.
You barely miss the orc warrior.
The orc warrior is lightly wounded.
The orc hits you but does no damage.
The orc warrior hits you from afar with a +0 halberd.
Things that are here:
a +0 mace; a +0 club; an orc corpse
Casting: Magic Dart (safe; 1% risk of failure)
Confirm with . or Enter, or press ? or * to list all spells.
Aiming: Searing Ray (safe; 1% risk of failure)
Press: ? - help, Shift-Dir - straight line, f - orc warrior
Aim: an orc warrior, wielding a +0 halberd and wearing a +0 plate armour (lightly wounded, 81% to hit)
The searing ray hits the orc warrior but does no damage.
The orc warrior is lightly wounded.
The searing ray hits the orc!
You kill the orc!
The searing ray hits the orc!
You kill the orc! (Press . to maintain the ray.)
The orc warrior hits you from afar with a +0 halberd!
The searing ray hits the orc warrior but does no damage.
The orc warrior is lightly wounded.
The searing ray hits the orc!
You kill the orc!
The searing ray hits the orc!
You kill the orc!
The orc warrior hits you from afar with a +0 halberd!!
* * * LOW HITPOINT WARNING * * *
You can now pass through a line of other dancers.
The searing ray hits the orc warrior.
The orc warrior is moderately wounded.
The searing ray hits the ice beast.
The ice beast is lightly wounded.
The orc warrior hits you from afar with a +0 halberd!
You die...

#....##.........###
#....##.>..........
#....##.........#.#
#.............###.#
#......)......# #..
#?............####.
...###.............##...
...................##...
..?####@##.........##...
. #)##.........##...
#o#####.#######...
#....Y# #.# #### ###..).
# .'..... #######
###.....# #......
#.....# #...... #.....#
#......


You could see an orc warrior and an ice beast.

Vanquished Creatures
  A gargoyle (D:7)
  A hornet (D:8)
  2 slime creatures (D:7)
  Sigmund (D:2)
  6 steam dragons
  Duvessa (D:5)
  2 ice beasts
  2 orc warriors (D:6)
  2 black bears
  2 ogres
  4 centaurs
  4 bullfrogs
  3 kobold brigands
  4 scorpions
  A wyvern zombie (D:7)
  Dowan (D:5)
  A water moccasin zombie (D:6)
  8 wights
  2 howler monkeys (D:8)
  A centaur zombie (D:6)
  4 hounds
  5 jellies (D:7)
  6 orc priests
  An iguana (D:5)
  4 orc wizards
  A killer bee zombie (D:6)
  A hound skeleton (D:4)
  7 gnolls
  4 adders
  A white imp (D:6)
  A worm (D:3)
  4 dart slugs
  20 orcs
  10 ball pythons
  8 endoplasms
  4 giant cockroaches
  8 goblins
  9 hobgoblins
  6 jackals
  8 quokkas
  11 bats
  3 frilled lizards
  A jackal skeleton (D:4)
  24 kobolds
  9 rats
209 creatures vanquished.

Vanquished Creatures (others)
  5 fungi (D:7)
  A plant (D:2)
  8 toadstools (D:7)
14 creatures vanquished.

Grand Total: 223 creatures vanquished

Notes
Turn   | Place    | Note
-------+----------+-------------------------------------------
     0 | D:1      | Zonian the Human Conjurer began the quest for the Orb.
     0 | D:1      | Reached XP level 1. HP: 13/13 MP: 3/3
   916 | D:1      | Reached XP level 2. HP: 19/19 MP: 3/5
  2310 | D:1      | Reached XP level 3. HP: 24/24 MP: 2/6
  5000 | D:1      | Glimpsed the power of Zot.
  5020 | D:2      | Found Unaick's Assorted Antiques.
  5020 | D:2      | Noticed Sigmund
  5063 | D:1      | Reached XP level 4. HP: 30/30 MP: 5/7
  5784 | D:2      | Found a faded altar of an unknown god.
  5785 | D:2      | Bought a scroll labelled TULOGURHAQOX for 25 gold pieces
  5860 | D:2      | Became a worshipper of Uskayaw the Reveller
  5860 | D:2      | Reached * piety under Uskayaw
  6082 | D:2      | Reached ** piety under Uskayaw
  6155 | D:3      | Reached skill level 1 in Axes
  6156 | D:3      | HP: 1/30 [goblin (3)]
  6321 | D:3      | Learned a level 2 spell: Searing Ray
  6742 | D:2      | Found a shadowy altar of Dithmenos.
  7071 | D:2      | Gained mutation: You tend to lose your temper in combat.
                  | [potion of mutation]
  7071 | D:2      | Gained mutation: You are partially covered in iridescent
                  | scales. (AC +2) [potion of mutation]
  7071 | D:2      | Gained mutation: You have a pair of small antennae on your
                  | head. [potion of mutation]
  7079 | D:2      | Killed Sigmund
  7080 | D:2      | Reached skill level 1 in Fighting
  7080 | D:2      | Reached skill level 5 in Conjurations
  7080 | D:2      | Reached XP level 5. HP: 33/37 MP: 4/9
  7080 | D:2      | Reached XP level 6. HP: 39/43 MP: 4/10
  8963 | D:4      | Found a hazy altar of Hepliaklqana.
  8971 | D:4      | Found a shadowy altar of Dithmenos.
  8990 | D:4      | Found Ykop's Antique Weapon Shop.
  9084 | D:2      | Bought a smoky silvery potion for 22 gold pieces
  9084 | D:2      | Bought a potion of heal wounds for 125 gold pieces
  9279 | D:4      | Found a snail-covered altar of Cheibriados.
  9282 | D:4      | Found a burning altar of Makhleb.
 10386 | D:4      | Found an ornate altar of the Wu Jian Council.
 10460 | D:5      | Entered Level 5 of the Dungeon
 10501 | D:5      | Reached XP level 7. HP: 35/48 MP: 2/12
 10943 | D:5      | Reached skill level 1 in Long Blades
 12155 | D:5      | Found a radiant altar of Vehumet.
 12391 | D:5      | Noticed Duvessa
 12393 | D:5      | Reached XP level 8. HP: 9/56 MP: 5/13
 12393 | D:5      | Noticed Dowan
 12394 | D:5      | Identified a scroll of acquirement
 12394 | D:5      | Acquired the +5 quick blade of Ohympez {drain, rF+ rN+
                  | Dex+2 SInv}
 12398 | D:5      | Reached *** piety under Uskayaw
 12402 | D:5      | Reached **** piety under Uskayaw
 12403 | D:5      | Killed Duvessa
 12404 | D:5      | Reached skill level 6 in Conjurations
 12406 | D:5      | Killed Dowan
 13764 | D:6      | Noticed a +0 dagger
 13764 | D:6      | Noticed a +0 dagger
 13764 | D:6      | Noticed a +0 short sword
 13764 | D:6      | Noticed a +0 spear
 13764 | D:6      | Noticed a +0 spear
 13764 | D:6      | Noticed a +0 falchion
 13764 | D:6      | Noticed a +0 short sword
 13764 | D:6      | Noticed a +0 falchion
 13765 | D:6      | Found a hide-covered altar of Uskayaw.
 13912 | D:2      | Bought a smelly leather armour for 175 gold pieces
 13912 | D:2      | Identified the +0 leather armour "Ychel" {Regen+ rCorr
                  | SInv} (You bought it in a shop on level 2 of the Dungeon)
 14287 | D:6      | Reached skill level 1 in Short Blades
 14290 | D:6      | Reached XP level 9. HP: 57/64 MP: 5/15
 15000 | D:6      | Found a staircase to the Ecumenical Temple.
 15056 | D:6      | Reached skill level 5 in Stealth
 15100 | D:6      | Reached skill level 5 in Dodging
 15398 | D:6      | Reached ***** piety under Uskayaw
 15662 | D:6      | Reached skill level 5 in Spellcasting
 16305 | D:7      | Reached skill level 7 in Conjurations
 16484 | D:7      | Noticed a gargoyle
 16817 | D:7      | Killed a gargoyle
 16818 | D:7      | Reached XP level 10. HP: 27/73 MP: 6/18
 17327 | D:7      | Reached skill level 5 in Fighting
 17327 | D:7      | Reached skill level 1 in Invocations
 18440 | D:8      | Learned a level 4 spell: Iskenderun's Mystic Blast
 19188 | D:8      | Reached skill level 1 in Translocations
 19188 | D:8      | Reached skill level 1 in Evocations
 19483 | D:8      | Slain by an orc warrior

Illustrated notes

Levels and vault maps discovered:
D:1:      lightli_arrival_quake, layout_basic, st_stairs_3, minmay_heptomino_h4
D:2:      layout_loops_ring, basic_altar, serial_shops,
          nicolae_shop_overgrown_old_shop,
          hellmonk_ecumenical_altar_pennies_from_heaven, uniq_sigmund
D:3:      layout_rooms
D:4:      layout_loops_corners, lemuel_round_altar,
          grunt_temple_overflow_cloverleaf, serial_shops, kennysheep_mini
D:5:      layout_layer_cave, vehumet_altar_wand_db, uniq_duvessa
D:6:      layout_rooms, nicolae_uskayaw_en_pointe, minmay_temple_entry_wispy,
          minmay_misc_feat_doors, chequers_serial_rivers_room_b
D:7:      cheibrodos_fertilizer, layout_cave_pools
D:8:      layout_basic, minmay_quadrilaterals

Skill      XL: |  1  2  3  4  5  6  7  8  9 10 |
---------------+-------------------------------+-----
Axes           | 2 |  2.1
Fighting       | 1 2 3 4 5 |  5.5
Spellcasting   | 3 4 5 6 |  6.0
Conjurations   | 5 6 7 |  7.7
Dodging        | 3 4 5 6 |  6.3
Stealth        | 3 4 5 6 |  6.6
Long Blades    | 1 2 |  2.4
Short Blades   | 1 3 4 |  4.4
Invocations    | 2 |  2.7
Translocations | 1 |  1.2
Evocations     | 1 |  1.2

Action                   |  1- 3 |  4- 6 |  7- 9 | 10-12 || total
-------------------------+-------+-------+-------+-------++-------
Melee: Unarmed           |    27 |       |       |       ||    27
       Hand axe          |     3 |    46 |       |       ||    49
       Demon blade       |       |       |     9 |       ||     9
       Quick blade       |       |       |   110 |   174 ||   284
 Cast: Magic Dart        |    83 |    95 |    54 |    47 ||   279
       Searing Ray       |       |     6 |    20 |     6 ||    32
Invok: Stomp             |       |       |       |     1 ||     1
Evoke: Wand              |       |       |     1 |       ||     1
  Use: Potion            |       |     9 |     2 |       ||    11
       Scroll            |       |     8 |     5 |       ||    13
 Stab: Sleeping          |       |     1 |     2 |     6 ||     9
       Paralysed         |       |       |     8 |     9 ||    17
Armor: Robe              |    10 |    13 |     9 |       ||    32
       Leather armour    |       |       |    33 |    26 ||    59
Dodge: Dodged            |    33 |    60 |    79 |    83 ||   255
       Rpst.: Demon blade |       |       |     6 |       ||     6

Table legend: (Time is in decaauts)
 A = Elapsed time spent in this place.
 B = Non-inter-level travel time spent in this place.
 C = Inter-level travel time spent in this place.
 D = Time resting spent in this place.
 E = Time spent auto-exploring this place.
 F = Levels seen in this place.
 G = Mean time per level.
                   A        B        C        D        E       F      G
               +--------+--------+--------+--------+--------+-----+--------+
         Total |  19389 |  18787 |    602 |  12283 |   4543 |   8 | 2423.6 |
       Dungeon |  19389 |  18787 |    602 |  12283 |   4543 |   8 | 2423.6 |
               +--------+--------+--------+--------+--------+-----+--------+

Top non-repeatable levels by time:
     D:1: 5194 daAuts
     D:5: 3425 daAuts
     D:4: 2428 daAuts
     D:7: 2110 daAuts
     D:2: 1913 daAuts
     D:6: 1736 daAuts
     D:3: 1526 daAuts
     D:8: 1054 daAuts
